ITL
PORTLAND PRIVATEERS @ DETROIT X-WINGS
09/13/2029
 
TOP OF THE 1ST
Portland Privateers batting - Pitching for Detroit X-Wings : RHP Pat Monroe
Pitching: RHP Pat Monroe
Batting: SHB José Espinoza 0-0: Called Strike
0-1: Swinging Strike
0-2: Ball
1-2: Ball
2-2: Foul Ball, location: 2F
2-2: Ground out 4-3 (Groundball, 4)
Batting: SHB Cory Campbell 0-0: Ball
1-0: Ball
2-0: Called Strike
2-1: Fly out, F8 (Flyball, 8LS)
Batting: LHB Carter Sweet 0-0: Ball
1-0: Foul Ball, location: 2F
1-1: Swinging Strike
1-2: Strikes out swinging, 2-3 out at first.
Top of the 1st over - 0 runs, 0 hits, 0 errors, 0 left on base; Portland 0 - Detroit 0
BOTTOM OF THE 1ST
Detroit X-Wings batting - Pitching for Portland Privateers : RHP José García
Pitching: RHP José García
Batting: RHB Yoshitsune Kamida 0-0: Called Strike
0-1: Foul Ball, location: 2F
0-2: Ball
1-2: Strikes out swinging
Batting: RHB José Pérez 0-0: Swinging Strike
0-1: Ball
1-1: Foul Ball, location: 2F
1-2: Foul Ball, location: 2F
1-2: Strikes out swinging
Batting: SHB Barrett Bowden 0-0: Called Strike
0-1: Foul Ball, location: 2F
0-2: Foul Ball, location: 2F
0-2: Foul Ball, location: 2F
0-2: DOUBLE (Line Drive, 89XD)
Batting: LHB Garrett King 0-0: SINGLE (Flyball, 89M)
Barrett Bowden to third
Runner from 3rd tries for Home, SAFE, no throw
Batting: RHB Mario Solís 0-0: Called Strike
0-1: Ball
1-1: Called Strike
1-2: Ball
2-2: Ball
3-2: SINGLE (Line Drive, 6MD)
Garrett King to second
Garrett King to third
Batting: RHB Enrique Aguilar 0-0: Ground out 4-3 (Groundball, 4)
Bottom of the 1st over - 1 run, 3 hits, 0 errors, 2 left on base; Portland 0 - Detroit 1
TOP OF THE 2ND
Portland Privateers batting - Pitching for Detroit X-Wings : RHP Pat Monroe
Batting: RHB Joe Bailey 0-0: Called Strike
0-1: SOLO HOME RUN (Flyball, 78XD), Distance : 412 ft
Batting: LHB Dillon Beck 0-0: Called Strike
0-1: Ball
1-1: Ball
2-1: Ball
3-1: Base on Balls
Batting: LHB Arturo López 0-0: Ball
1-0: Called Strike
1-1: Foul Ball, location: 2F
1-2: Ball
2-2: Ball
3-2: Strikes out swinging
Batting: SHB Jacob Knapp 0-0: Called Strike
0-1: Ball
Wild Pitch!
Dillon Beck to second
1-1: Ball
2-1: Foul Ball, location: 2F
2-2: Ground out 4-3 (Groundball, 4)
Dillon Beck to third
Batting: RHB Ramiro Gámez 0-0: Ball
1-0: Ball
2-0: Fly out, F6 (Line Drive, 6)
Top of the 2nd over - 1 run, 1 hit, 0 errors, 1 left on base; Portland 1 - Detroit 1
BOTTOM OF THE 2ND
Detroit X-Wings batting - Pitching for Portland Privateers : RHP José García
Batting: RHB Raúl Flores 0-0: Called Strike
0-1: SINGLE (Line Drive, 6M)
Batting: LHB Leslie Adams 0-0: Ball
1-0: Called Strike
1-1: Called Strike
1-2: Ground out 6-3 (Groundball, 6M)
Raúl Flores to second
Batting: RHB Carlos Aguirre 0-0: Called Strike
0-1: Ground out 3-1 (Groundball, 34S)
Raúl Flores to third
Batting: RHB Yoshitsune Kamida 0-0: Called Strike
0-1: Swinging Strike
0-2: Ball
1-2: Ball
2-2: SINGLE (Flyball, 9LS)
Raúl Flores scores
Batting: RHB José Pérez 0-0: Ball
1-0: Called Strike
1-1: Ground out 4-3 (Groundball, 34)
Bottom of the 2nd over - 1 run, 2 hits, 0 errors, 1 left on base; Portland 1 - Detroit 2
TOP OF THE 3RD
Portland Privateers batting - Pitching for Detroit X-Wings : RHP Pat Monroe
Batting: RHB Dave Nelson 0-0: Fly out, F4 (Popup, 34S)
Batting: SHB José Espinoza 0-0: Ball
1-0: Called Strike
1-1: Called Strike
1-2: Ball
2-2: Ball
3-2: Base on Balls
Batting: SHB Cory Campbell 0-0: Ball
1-0: Swinging Strike
1-1: Foul Ball, location: 2F
1-2: Ground out 3-1 (Groundball, 23)
José Espinoza to second
Batting: LHB Carter Sweet 0-0: Ball
1-0: Foul Ball, location: 2F
1-1: Ball
2-1: Ball
3-1: Swinging Strike
3-2: Base on Balls
Batting: RHB Joe Bailey 0-0: Foul Ball, location: 2F
0-1: Called Strike
0-2: Foul Ball, location: 2F
0-2: Ball
1-2: Foul Ball, location: 2F
1-2: Ball
2-2: Strikes out swinging
Top of the 3rd over - 0 runs, 0 hits, 0 errors, 2 left on base; Portland 1 - Detroit 2
BOTTOM OF THE 3RD
Detroit X-Wings batting - Pitching for Portland Privateers : RHP José García
Batting: SHB Barrett Bowden 0-0: Called Strike
0-1: Ball
1-1: Called Strike
1-2: Ball
2-2: Strikes out swinging
Batting: LHB Garrett King 0-0: Called Strike
0-1: Ball
1-1: Ball
2-1: Ball
3-1: Base on Balls
Batting: RHB Mario Solís 0-0: Ball
1-0: SINGLE (Groundball, 6M) (infield hit)
Garrett King to second
Batting: RHB Enrique Aguilar 0-0: Fly out, F9 (Line Drive, 9D)
Runner from 2nd tags up, SAFE at 3rd with throw
Batting: RHB Raúl Flores 0-0: Ball
1-0: Ground out 4-3 (Groundball, 4)
Bottom of the 3rd over - 0 runs, 1 hit, 0 errors, 2 left on base; Portland 1 - Detroit 2
TOP OF THE 4TH
Portland Privateers batting - Pitching for Detroit X-Wings : RHP Pat Monroe
Batting: LHB Dillon Beck 0-0: Ball
1-0: Called Strike
1-1: Ground out 1-3 (Groundball, 13)
Batting: LHB Arturo López 0-0: Called Strike
0-1: Swinging Strike
0-2: Strikes out swinging
Batting: SHB Jacob Knapp 0-0: Ball
1-0: Called Strike
1-1: SINGLE (Groundball, 34D)
Batting: RHB Ramiro Gámez 0-0: Ground out 3-1 (Groundball, 34S)
Top of the 4th over - 0 runs, 1 hit, 0 errors, 1 left on base; Portland 1 - Detroit 2
BOTTOM OF THE 4TH
Detroit X-Wings batting - Pitching for Portland Privateers : RHP José García
Batting: LHB Leslie Adams 0-0: Ball
1-0: Fly out, F9 (Flyball, 89M)
Batting: RHB Carlos Aguirre 0-0: Foul Ball, location: 2F
0-1: Ball
1-1: Ball
2-1: Ground out U3 (Groundball, 34)
Batting: RHB Yoshitsune Kamida 0-0: Foul Ball, location: 2F
0-1: Ball
1-1: Swinging Strike
1-2: Ball
2-2: Fly out, F8 (Flyball, 89S)
Bottom of the 4th over - 0 runs, 0 hits, 0 errors, 0 left on base; Portland 1 - Detroit 2
TOP OF THE 5TH
Portland Privateers batting - Pitching for Detroit X-Wings : RHP Pat Monroe
Batting: RHB Dave Nelson 0-0: Ball
1-0: Foul Ball, location: 2F
1-1: Called Strike
1-2: Foul Ball, location: 2F
1-2: Ball
2-2: Ground out 5-3 (Groundball, 56S)
Batting: SHB José Espinoza 0-0: Ball
1-0: Called Strike
1-1: Ball
2-1: Fly out, F8 (Flyball, 8LS)
Batting: SHB Cory Campbell 0-0: Called Strike
0-1: Called Strike
0-2: Strikes out looking
Top of the 5th over - 0 runs, 0 hits, 0 errors, 0 left on base; Portland 1 - Detroit 2
BOTTOM OF THE 5TH
Detroit X-Wings batting - Pitching for Portland Privateers : RHP José García
Batting: RHB José Pérez 0-0: Ball
1-0: Fly out, F8 (Flyball, 8LS)
Now in CF: Edward Holloway
Batting: SHB Barrett Bowden 0-0: SINGLE (Line Drive, 4D)
Pitching: RHP Carlos Molina
Batting: LHB Garrett King 0-0: Grounds into double play, 6-4-3 (Groundball, 6M)
Bottom of the 5th over - 0 runs, 1 hit, 0 errors, 0 left on base; Portland 1 - Detroit 2
TOP OF THE 6TH
Portland Privateers batting - Pitching for Detroit X-Wings : RHP Pat Monroe
Pitching: RHP Dylan Versluis
Batting: LHB Carter Sweet 0-0: Called Strike
0-1: Fly out, F9 (Flyball, 9S)
Batting: RHB Joe Bailey 0-0: Called Strike
0-1: Ball
1-1: Ball
2-1: Fly out, F9 (Flyball, 89XD)
Batting: LHB Dillon Beck 0-0: Swinging Strike
0-1: Ball
1-1: Swinging Strike
1-2: Ball
2-2: SINGLE (Line Drive, 7LS)
Batting: LHB Arturo López 0-0: Called Strike
0-1: Foul Ball, location: 2F
0-2: Foul Ball, location: 2F
0-2: Ball
1-2: Ball
2-2: Ball
3-2: Foul Ball, location: 2F
3-2: Strikes out swinging
Top of the 6th over - 0 runs, 1 hit, 0 errors, 1 left on base; Portland 1 - Detroit 2
BOTTOM OF THE 6TH
Detroit X-Wings batting - Pitching for Portland Privateers : RHP Carlos Molina
Batting: RHB Mario Solís 0-0: Called Strike
0-1: Ground out 3-1 (Groundball, 34)
Batting: RHB Enrique Aguilar 0-0: Ball
1-0: Ground out 1-3 (Groundball, 13)
Batting: RHB Raúl Flores 0-0: Ball
1-0: DOUBLE (Line Drive, 78D)
Batting: LHB Leslie Adams 0-0: Fly out, F8 (Flyball, 8LD)
Bottom of the 6th over - 0 runs, 1 hit, 0 errors, 1 left on base; Portland 1 - Detroit 2
TOP OF THE 7TH
Portland Privateers batting - Pitching for Detroit X-Wings : RHP Dylan Versluis
Batting: SHB Jacob Knapp 0-0: Ball
1-0: Ball
2-0: Ball
3-0: Base on Balls
Batting: RHB Ramiro Gámez 0-0: Called Strike
Jacob Knapp is caught stealing 2nd base
0-1: SINGLE (Groundball, 6MD)
Batting: RHB Dave Nelson 0-0: Foul Ball, location: 2F
0-1: Fly out, F3 (Popup, 34S)
Batting: RHB Edward Holloway 0-0: SINGLE (Line Drive, 4MD)
Ramiro Gámez to second
Batting: SHB Cory Campbell 0-0: Called Strike
0-1: Ball
1-1: Ball
2-1: Foul Ball, location: 2F
2-2: Foul Ball, location: 2F
2-2: Fielders Choice at 2nd, 6-4 (Groundball, 6)
Top of the 7th over - 0 runs, 2 hits, 0 errors, 2 left on base; Portland 1 - Detroit 2
BOTTOM OF THE 7TH
Detroit X-Wings batting - Pitching for Portland Privateers : RHP Carlos Molina
Batting: RHB Carlos Aguirre 0-0: Ball
1-0: Ball
2-0: SINGLE (Groundball, 5D)
Pinch Hitting: LHB Paul Alston 0-0: Bunt - Flyout! F1
Batting: RHB José Pérez 0-0: Ball
1-0: DOUBLE (Flyball, 8RXD)
Carlos Aguirre to third
Batting: SHB Barrett Bowden 0-0: Ball
1-0: 3-RUN HOME RUN (Flyball, 9LD), Distance : 442 ft
Pitching: RHP Dan Ford
Batting: LHB Garrett King 0-0: Ball
1-0: Ball
2-0: Foul Ball, location: 2F
2-1: SINGLE (Line Drive, 4MD)
Batting: RHB Mario Solís 0-0: Called Strike
0-1: Foul Ball, location: 2F
0-2: Ball
1-2: Foul Ball, location: 2F
1-2: SINGLE (Groundball, 6) (infield hit)
Garrett King to second
Batting: RHB Enrique Aguilar 0-0: Ball
1-0: Ball
2-0: Called Strike
2-1: Ball
3-1: Foul Ball, location: 2F
3-2: Foul Ball, location: 2F
3-2: Ground out U3 (Groundball, 34S)
Garrett King to third
Mario Solís to second
Batting: RHB Raúl Flores 0-0: Ball
1-0: Ball
2-0: Ball
3-0: Called Strike
3-1: Foul Ball, location: 2F
3-2: SINGLE (Groundball, 56D)
Garrett King scores
Mario Solís to third
Mario Solís scores
Pitching: RHP Tom Clement
Batting: LHB Leslie Adams 0-0: Foul Ball, location: 2F
0-1: Called Strike
Throwing error on steal attempt, E2
Raúl Flores to third
0-2: Foul Ball, location: 2F
0-2: Foul Ball, location: 2F
0-2: Ground out 1-3 (Groundball, 13)
Bottom of the 7th over - 5 runs, 6 hits, 1 error, 1 left on base; Portland 1 - Detroit 7
TOP OF THE 8TH
Portland Privateers batting - Pitching for Detroit X-Wings : RHP Dylan Versluis
Now at 3B: Domingo Ávila
Batting: LHB Carter Sweet 0-0: Ball
1-0: Called Strike
1-1: Ball
2-1: Foul Ball, location: 2F
2-2: Foul Ball, location: 2F
2-2: Ball
3-2: SOLO HOME RUN (Flyball, 89XD), Distance : 461 ft
Batting: RHB Joe Bailey 0-0: Foul Ball, location: 2F
0-1: Called Strike
0-2: Ball
1-2: Foul Ball, location: 2F
1-2: Ball
2-2: Ball
3-2: Foul Ball, location: 2F
3-2: Base on Balls
Batting: LHB Dillon Beck 0-0: Foul Ball, location: 2F
0-1: SINGLE (Groundball, 6D)
Joe Bailey to second
Batting: LHB Arturo López 0-0: Grounds into double play, 4-6-3 (Groundball, 4)
Joe Bailey to third
Batting: SHB Jacob Knapp 0-0: Called Strike
0-1: Called Strike
0-2: Fly out, F7 (Flyball, 7S)
Top of the 8th over - 1 run, 2 hits, 0 errors, 1 left on base; Portland 2 - Detroit 7
BOTTOM OF THE 8TH
Detroit X-Wings batting - Pitching for Portland Privateers : RHP Tom Clement
Batting: RHB Carlos Aguirre 0-0: Called Strike
0-1: Ground out 4-3 (Groundball, 4)
Batting: RHB Domingo Ávila 0-0: Ground out U3 (Groundball, 34S)
Batting: RHB José Pérez 0-0: Ball
1-0: Ball
2-0: Ball
3-0: Base on Balls
Batting: SHB Barrett Bowden 0-0: Ball
1-0: Ball
2-0: Fly out, F9 (Flyball, 9LMF)
Bottom of the 8th over - 0 runs, 0 hits, 0 errors, 1 left on base; Portland 2 - Detroit 7
TOP OF THE 9TH
Portland Privateers batting - Pitching for Detroit X-Wings : RHP Dylan Versluis
Batting: RHB Ramiro Gámez 0-0: Called Strike
0-1: Called Strike
0-2: Foul Ball, location: 2F
0-2: Ball
1-2: Ball
2-2: SINGLE (Line Drive, 5L)
Batting: RHB Dave Nelson 0-0: Called Strike
0-1: Grounds into double play, 4-6-3 (Groundball, 4)
Batting: RHB Edward Holloway 0-0: Ball
1-0: Called Strike
1-1: Swinging Strike
1-2: Strikes out swinging
Top of the 9th over - 0 runs, 1 hit, 0 errors, 0 left on base; Portland 2 - Detroit 7
Saturday, December 16th, 2017 - OOTP Baseball 18.8 Build 76